 Dungeon Crawl Stone Soup version 0.29-a0-322-g68df515428 (webtiles) character file.

Game seed: 8062396379462238148

10569 wakim the Grappler (level 11, -1/107 HPs)
             Began as a Troll Fighter on Apr 5, 2022.
             Was a Priest of Qazlal.
             Slain by a merfolk
             ... wielding a +0 trident
              (16 damage)
             ... on level 2 of the Lair of Beasts.
             The game lasted 00:43:35 (10380 turns).

wakim the Grappler (Troll Fighter)                 Turns: 10380, Time: 00:43:35

Health: -1/107     AC:  8    Str: 34    XL:     11   Next: 37%
Magic:  15/15      EV: 10    Int:  6    God:    Qazlal [***...]
Gold:   387        SH:  3    Dex:  9    Spells: 10/10 levels left

rFire   . . .      SeeInvis .     - Unarmed
rCold   . . .      Faith    .   (no shield)
rNeg    . . .      Spirit   .   Z - +0 steam dragon scales
rPois   .          Reflect  .   (helmet restricted)
rElec   .          Harm     .   V - +0 cloak
rCorr   .          Rampage  .   (gloves unavailable)
Will    .....                   (boots unavailable)
Stlth   +.........              (no amulet)
HPRegen 1.07/turn               X - ring of flight
MPRegen 0.14/turn               W - +6 ring of strength

@: flying
A: large, unfitting armour, claws 3, regeneration 1, shaggy fur 1, tough skin 1
a: Renounce Religion, Upheaval, Elemental Force


You were on level 2 of the Lair of Beasts.
You worshipped Qazlal.
Qazlal was most pleased with you.
You visited 3 branches of the dungeon, and saw 12 of its levels.

You collected 646 gold pieces.
You spent 259 gold pieces at shops.

Inventory:

Hand Weapons
 b - a +0 shortbow
Missiles
 x - 2 throwing nets {=f!f}
 H - a curare-tipped dart {=f}
Armour
 w - a +1 kite shield
 V - a +0 cloak (worn)
 Z - +0 steam dragon scales (worn)
Jewellery
 K - a +4 ring of evasion
 P - a ring of protection from fire
 U - a ring of see invisible
 W - a +6 ring of strength (right claw)
 X - a ring of flight (left claw)
Wands
 v - a wand of flame (67) (quivered)
 y - a wand of paralysis (9)
 z - a wand of polymorph (9)
Scrolls
 Q - 3 scrolls of immolation {!r!r}
 R - 3 scrolls of magic mapping {!r}
 S - 3 scrolls of summoning
 T - 2 scrolls of teleportation
 Y - 3 scrolls of blinking {!r}
Potions
 A - a potion of ambrosia
 B - 6 potions of attraction {!q}
 C - a potion of berserk rage {!q}
 D - 3 potions of brilliance
 E - a potion of cancellation
 F - 5 potions of curing
 G - a potion of flight
 I - a potion of invisibility
 J - a potion of heal wounds
 L - 5 potions of lignification {!q}
 M - a potion of mutation {!q}
 N - a potion of might
 O - 2 potions of resistance


   Skills:
 + Level 6.6 Fighting
 - Level 2.4 Dodging
 * Level 8.5 Shields
 * Level 10.8 Unarmed Combat
 * Level 7.1 Invocations
 + Level 1.8 Evocations


You had 10 spell levels left.
You didn't know any spells.
Your spell library contained the following spells:

 Spells                   Type           Power      Damage    Failure   Level
 Beastly Appendage        Tmut           0%         N/A       45%         1
 Magic Dart               Conj           0%         1d3       45%         1
 Call Imp                 Summ           0%         N/A       58%         2
 Wereblood                Tmut           0%         N/A       58%         2
 Dazzling Flash           Conj/Hex       0%         N/A       83%         3
 Gell's Gravitas          Tloc           0%         N/A       83%         3
 Inner Flame              Hex/Fire       0%         N/A       83%         3
 Lesser Beckoning         Tloc           0%         N/A       83%         3
 Mephitic Cloud           Conj/Pois/Air  0%         N/A       83%         3
 Spider Form              Tmut/Pois      0%         N/A       83%         3
 Teleport Other           Tloc           0%         N/A       83%         3
 Cause Fear               Hex            0%         N/A       99%         4
 Iskenderun's Mystic Bla  Conj/Tloc      0%         2d3       99%         4
 Summon Ice Beast         Ice/Summ       0%         N/A       99%         4
 Summon Mana Viper        Hex/Summ       0%         N/A       100%        5
 Starburst                Conj/Fire      0%         6d3       100%        6
 Monstrous Menagerie      Summ           0%         N/A       100%        7
 Discord                  Hex            0%         N/A       100%        8


Dungeon Overview and Level Annotations

Branches:
Dungeon (9/15)             Temple (1/1) D:5            Lair (2/6) D:9
  Swamp: Lair:2-4    Shoals: Lair:2-4     Snake: Lair:2-4    Spider: Lair:2-4
    Orc: D:9-12

Altars:
Dithmenos
Elyvilon
Fedhas
Gozag
Hepliaklqana
Kikubaaqudgha
Makhleb
Nemelex Xobeh
Okawaru
Qazlal
Ru
Sif Muna
Trog
Uskayaw
Vehumet
Yredelemnul
Zin
The Shining One

Shops:
D:2 ?


Innate Abilities, Weirdness & Mutations

You are too large for most types of armour.
You have claws for hands.
Your natural rate of healing is unusually fast.
You are covered in fur. (AC +1)
You have tough skin. (AC +1)


Message History

The merfolk is moderately wounded.
The merfolk hits you with a +0 trident! 59/107 (-13)
You are too injured to fight recklessly!
You are too injured to fight recklessly!
You are too injured to fight recklessly!
You barely miss the merfolk.
The merfolk is moderately wounded.
The merfolk hits you with a +0 trident.
* * * LOW HITPOINT WARNING * * *
53/107 (-6)
You mangle the merfolk!!
The merfolk is heavily wounded.
The merfolk hits you with a +0 trident.
* * * LOW HITPOINT WARNING * * *
49/107 (-4)
You completely miss the merfolk.
The merfolk is heavily wounded.
The merfolk hits you but does no damage. 50/107 (+1)
You barely miss the merfolk.
The merfolk is heavily wounded. 51/107 (+1)
You claw the merfolk!
The merfolk is severely wounded.
The merfolk hits you with a +0 trident!!
* * * LOW HITPOINT WARNING * * *
33/107 (-18)
You claw the merfolk! Your claw misses the merfolk.
The merfolk is almost dead.
The merfolk hits you with a +0 trident.
* * * LOW HITPOINT WARNING * * *
29/107 (-4)
The merfolk hits you from afar with a +0 trident!
* * * LOW HITPOINT WARNING * * *
13/107 (-16)
You see here a +0 trident. 14/107 (+1)
The merfolk hits you from afar with a +0 trident!
You die...

...##....##
...###....## ...#
###...# ...#####.#...#
## ...'.....###..^.
##.#
...##...###########...#
...##.....'...##......#
.......#######...☼....#
....####≈≈≈≈≈###@.....#
. ..<.# #≈m)#.###.#...
....# #≈≈≈#.#....#..
....# #≈≈≈#........<
....# #####.........
..... ...........
....## ###.........
....# #.........
#.........


You could see a merfolk.

Vanquished Creatures
  3 oklob plants (Lair:1)
  A merfolk siren (Lair:2)
  A black mamba (Lair:1)
  Maggie (D:9)
  A gargoyle (D:7)
  4 cane toads (Lair:1)
  Psyche (D:9)
  A hornet (D:9)
  Sigmund (D:4)
  A wyvern (Lair:2)
  6 yaks
  2 wargs (D:9)
  An acid dragon (D:8)
  3 water moccasins
  Duvessa (D:6)
  4 ice beasts (D:7)
  A black bear (D:6)
  A sky beast (D:8)
  4 orc warriors
  An ogre (D:5)
  A wolf (Lair:2)
  2 centaurs
  2 phantoms
  A kobold brigand (D:8)
  6 scorpions
  5 bullfrogs
  A gnoll sergeant (D:9)
  A necrophage (D:5)
  5 wights (D:9)
  13 killer bees
  Dowan (D:6)
  10 howler monkeys
  2 electric eels (Lair:1)
  8 orc priests
  4 hounds
  A jelly (D:4)
  A gnoll shaman (D:7)
  An iguana (D:5)
  14 orc wizards
  7 gnolls
  13 adders
  2 shadow imps
  A white imp (D:6)
  An ufetubus (D:7)
  A worm (D:2)
  4 dart slugs
  29 orcs
  8 ball pythons
  10 endoplasms
  5 giant cockroaches
  9 goblins
  8 hobgoblins
  11 kobolds
  5 quokkas
  6 bats
  4 frilled lizards
  2 rats (D:1)
244 creatures vanquished.

Vanquished Creatures (others)
  4 fungi
  10 plants
14 creatures vanquished.

Grand Total: 258 creatures vanquished

Notes
Turn   | Place    | Note
-------+----------+-------------------------------------------
     0 | D:1      | wakim the Troll Fighter began the quest for the Orb.
     0 | D:1      | Reached XP level 1. HP: 22/22 MP: 0/0
     2 | D:1      | You fall into a shaft and drop 1 floor!
    18 | D:2      | Reached XP level 2. HP: 29/29 MP: 1/1
   342 | D:2      | Found a faded altar of an unknown god.
   366 | D:2      | Reached XP level 3. HP: 35/36 MP: 2/2
   534 | D:2      | Found Mufomydd's Magic Scroll Shoppe.
   557 | D:2      | Reached skill level 3 in Unarmed Combat
   788 | D:1      | Reached XP level 4. HP: 44/44 MP: 3/3
  1069 | D:1      | !bestwep
  1167 | D:1      | !bestwep
  2264 | D:4      | Reached XP level 5. HP: 47/53 MP: 4/4
  2329 | D:4      | Reached skill level 4 in Unarmed Combat
  2352 | D:4      | Noticed Sigmund
  2428 | D:4      | Reached XP level 6. HP: 34/61 MP: 5/5
  2536 | D:4      | Killed Sigmund
  2744 | D:4      | Reached skill level 5 in Unarmed Combat
  2744 | D:4      | Reached XP level 7. HP: 67/67 MP: 6/6
  2794 | D:5      | Entered Level 5 of the Dungeon
  2947 | D:5      | Found a staircase to the Ecumenical Temple.
  2957 | Temple   | Entered the Ecumenical Temple
  2996 | Temple   | Became a worshipper of Qazlal Stormbringer
  3253 | D:5      | Reached skill level 5 in Shields
  3309 | D:5      | Reached skill level 6 in Unarmed Combat
  3332 | D:5      | Reached XP level 8. HP: 78/78 MP: 7/7
  4493 | D:6      | Reached skill level 7 in Unarmed Combat
  4493 | D:6      | Reached skill level 1 in Invocations
  4503 | D:6      | Reached * piety under Qazlal
  4839 | D:6      | Noticed Duvessa
  4839 | D:6      | Noticed Dowan
  4850 | D:6      | Killed Duvessa
  4880 | D:6      | Killed Dowan
  4891 | D:6      | !bestwep
  5044 | D:7      | Found an opulent altar of Gozag.
  5283 | D:7      | Reached XP level 9. HP: 72/87 MP: 8/10
  5317 | D:7      | Reached skill level 5 in Fighting
  5345 | D:7      | Noticed a gargoyle
  5397 | D:7      | Killed a gargoyle
  5398 | D:7      | Reached skill level 8 in Unarmed Combat
  5724 | D:7      | Found a shimmering blue altar of Sif Muna.
  6400 | D:8      | Reached skill level 5 in Invocations
  6444 | D:8      | Reached skill level 9 in Unarmed Combat
  6470 | D:7      | Reached XP level 10. HP: 66/98 MP: 12/12
  6616 | D:8      | Reached ** piety under Qazlal
  6939 | D:9      | Found a staircase to the Lair.
  7264 | D:9      | Noticed Psyche
  7265 | D:9      | Killed Psyche
  7379 | D:9      | Reached skill level 10 in Unarmed Combat
  7582 | D:9      | Noticed Maggie
  7592 | D:9      | Killed Maggie
  7798 | D:9      | Found a white marble altar of Elyvilon.
  7807 | D:9      | Found a hazy altar of Hepliaklqana.
  8382 | Lair:1   | Entered Level 1 of the Lair of Beasts
  8747 | D:2      | Bought a scroll of identify for 28 gold pieces
  8747 | D:2      | Bought a scroll of identify for 28 gold pieces
  8747 | D:2      | Bought 3 scrolls of magic mapping for 147 gold pieces
  8747 | D:2      | Bought a scroll of identify for 28 gold pieces
  8747 | D:2      | Bought a scroll of identify for 28 gold pieces
  9111 | Lair:1   | Noticed an oklob plant
  9111 | Lair:1   | Noticed a cane toad
  9120 | Lair:1   | Killed a cane toad
  9121 | Lair:1   | Reached skill level 1 in Evocations
  9280 | Lair:1   | Noticed a cane toad
  9291 | Lair:1   | Killed a cane toad
  9292 | Lair:1   | Reached XP level 11. HP: 107/107 MP: 14/14
  9763 | Lair:1   | Noticed an oklob plant
  9763 | Lair:1   | Noticed an oklob plant
  9927 | D:8      | !bestwep
 10163 | Lair:1   | Killed an oklob plant
 10169 | Lair:1   | Killed an oklob plant
 10226 | Lair:1   | Killed an oklob plant
 10286 | Lair:2   | Reached *** piety under Qazlal
 10380 | Lair:2   | Slain by a merfolk

Illustrated notes #..##.# ###.##.# ##.##.# #.....)# #..#.# #......# ###.#.# ###...<# ....#.# #......# ....#.# #......# ....#.# #?#.#### ......# #...?..# ......# #.@....# ##....# ##..##.# #....######## ......# ##...........##..=...# .............###..#### ##...........# .... #..#.........####.. #.##..).........^.## #.......[....##### Turn 1069 on D:1: !bestwep

#### #......# #...##......#
#...####....# #..$# #....########
#...####...........# #####
#...#..............# #...#
####...#.##...........#
####...####........#..#.........#
#...............@#.#.##..).......
#.............####.#.......[....#
#...........#.....8.............#
#...........####.#.####.>##.#####
#...........##...#.#....###.....#
#...............)#...#### ###.###
###########.###.##...##### #.#
#.# #....#.....####.#
#####.###..#######.#.†..#


Turn 1167 on D:1: !bestwep )........# #.......# ##.......# ##......# ##.......#
#......# #.......# ##.....## ## #.......######..#..[...##
#.......>.......#..##...# #.......#######.#.)<....# ###'###########.#.))#...#
####.# .......@....# ..# .....# ................'. ###### .........#..#...#.#
............#.....# .[......#......... #########.....#.#o #.....#.# #....# Turn
4891 on D:6: !bestwep .#.....#...##............# .#.....##..##...........##
##....................### #.....#...........#..# ###.#####..........#### ..#.#
##.........####### ....# #.........## ##..## ....###.........## #....#
##..#.........[.@# ##.### .................###...# #...............###....##
#..#............#.......# #.##................#...# #.#...............#.##.##
#................###....# #................# ###..# ...#.............# #.## Turn
9927 on D:8: !bestwep

Levels and vault maps discovered:
D:1:      dpeg_arrival_ternary, layout_basic, minmay_pentomino_q4
D:2:      layout_basic, serial_shops, nicolae_diamond_shop,
          shapermc_ecumenical_altar_ellora
D:3:      layout_basic
D:4:      layout_rooms, minmay_cut_off, uniq_sigmund
D:5:      layout_layer_cave, minmay_temple_entry_offerings,
          minmay_misc_feat_more_columns, st_stairs_9, minmay_misc_feat_rugged
D:6:      layout_basic, uniq_duvessa
D:7:      minmay_inner_zag, layout_basic, grunt_gozag_statues,
          mainiacjoe_overflow_alcove_2
D:8:      layout_cave_pools
D:9:      layout_stronghold, mainiacjoe_overflow_swirl,
          erik_lair_orcish_takeover, grunt_ministairs_13, uniq_psyche,
          uniq_maggie
Temple:   jpeg_temple_clearing
Lair:1:   dpeg_oklob_gauntlet, layout_gridlike, cheibrodos_lair_reptile_den
Lair:2:   layout_regular_city, elwin_shoals_entry_rooms, nicolae_lair_lil_pond,
          nzn_random_ring, uniq_nergalle

Skill      XL: |  1  2  3  4  5  6  7  8  9 10 11 |
---------------+----------------------------------+-----
Shields        | 3 4 5 6 8 |  8.5
Unarmed Combat | 3 4 5 6 7 9 10 | 10.8
Fighting       | 3 4 5 6 |  6.6
Invocations    | 2 5 6 7 |  7.1
Evocations     | 1 |  1.8
Dodging        | |  2.4

Action                   |  1- 3 |  4- 6 |  7- 9 | 10-12 || total
-------------------------+-------+-------+-------+-------++-------
Melee: Unarmed           |    91 |   142 |   242 |   266 ||   741
       Punch             |       |       |       |     2 ||     2
 Fire: Shortbow          |       |       |       |     7 ||     7
Invok: Upheaval          |       |       |       |     4 ||     4
Evoke: Wand              |       |       |       |    13 ||    13
  Use: Scroll            |     1 |    15 |     6 |     5 ||    27
       Potion            |       |     1 |       |     1 ||     2
 Stab: Invisible         |       |       |       |     1 ||     1
Armor: Robe              |    41 |    33 |    56 |    31 ||   161
       Steam dragon scal |       |       |       |    22 ||    22
Dodge: Dodged            |    36 |    45 |    93 |   105 ||   279
Block: Kite shield       |    32 |    58 |   162 |   145 ||   397
       Other             |       |       |       |     4 ||     4

Table legend: (Time is in decaauts)
 A = Elapsed time spent in this place.
 B = Non-inter-level travel time spent in this place.
 C = Inter-level travel time spent in this place.
 D = Time resting spent in this place.
 E = Time spent auto-exploring this place.
 F = Levels seen in this place.
 G = Mean time per level.
                   A        B        C        D        E       F      G
               +--------+--------+--------+--------+--------+-----+--------+
         Total |  10401 |   9200 |   1201 |    385 |   6895 |  12 |  866.8 |
       Dungeon |   8889 |   7821 |   1068 |    156 |   5979 |   9 |  987.7 |
        Temple |     89 |     72 |     17 |      0 |     54 |   1 |   89.0 |
          Lair |   1422 |   1306 |    116 |    229 |    862 |   2 |  711.0 |
               +--------+--------+--------+--------+--------+-----+--------+

Top non-repeatable levels by time:
     D:9: 1610 daAuts
     D:5: 1510 daAuts
     D:7: 1361 daAuts
  Lair:1: 1304 daAuts
     D:3: 1035 daAuts
     D:2: 890 daAuts
     D:8: 701 daAuts
     D:6: 661 daAuts
     D:4: 569 daAuts
     D:1: 550 daAuts
  Lair:2: 118 daAuts
  Temple: 89 daAuts
